 Dungeon Crawl Stone Soup version 0.30.0 (webtiles) character file.

Game seed: 7308219657523414567

1359 olmar the Covered (level 8, -3/71 HPs)
             Began as an Armataur Fighter on May 6, 2023.
             Was an Initiate of Gozag.
             Killed from afar by a gargoyle (19 damage)
             ... with a stone arrow
             ... on level 6 of the Dungeon.
             The game lasted 00:05:44 (5285 turns).

olmar the Covered (Armataur Fighter)                Turns: 5285, Time: 00:05:45

Health: -3/71      AC:  9    Str: 24    XL:     8   Next: 37%
Magic:  8/8        EV:  9    Int:  9    God:    Gozag
Gold:   477        SH:  5    Dex: 15    Spells: 7/7 levels left

rFire   . . .        B - +0 whip (elec)
rCold   . . .        c - +0 buckler
rNeg    . . .        m - +2 ring mail {rPois}
rPois   +            z - +1 hat
rElec   .            p - scarf {+Inv}
rCorr   .            (no gloves)
SInv    .            (no barding)
Will    .....        (no amulet)
Stlth   +            k - +6 ring of dexterity
HPRegen 0.31/turn    (no ring)
MPRegen 0.11/turn

%: roll
@: mighty
A: large, rugged brown scales 3, deformed body, armoured tail, roll, long
tongue, awkward tongue
a: Renounce Religion, Evoke Invisibility, Potion Petition, Call Merchant, Bribe
Branch


You were on level 6 of the Dungeon.
You worshipped Gozag.
Gozag was aware of your devotion.
You visited 2 branches of the dungeon, and saw 7 of its levels.

You collected 528 gold pieces.
You paid 51 gold pieces to Gozag.

Inventory:

Hand Weapons
 a - a +0 flail
 B - a +0 whip of electrocution (weapon)
Missiles
 C - 2 boomerangs (quivered)
Armour
 b - a +0 scale mail
 c - a +0 buckler (worn)
 m - a +2 ring mail of poison resistance (worn)
 p - a scarf of invisibility (worn)
 x - a +0 cloak
 z - a +1 hat (worn)
Jewellery
 k - a +6 ring of dexterity (left hand)
Wands
 A - a wand of acid (1)
 D - a wand of iceblast (16)
Scrolls
 f - a scroll of enchant weapon {unknown}
 g - 9 scrolls of identify {unknown}
 i - a scroll of brand weapon {unknown}
 j - 3 scrolls of noise {unknown}
 l - 2 scrolls of poison {unknown}
 n - a scroll of blinking {unknown}
 o - 6 scrolls of immolation {unknown}
 v - a scroll of silence {unknown}
 y - a scroll of amnesia {unknown}
 E - a scroll of magic mapping {unknown}
Potions
 e - 6 potions of curing {unknown}
 h - 2 potions of lignification {unknown}
 q - a potion of heal wounds {unknown}
 r - a potion of berserk rage {unknown}
 s - 2 potions of brilliance {unknown}
 t - 2 potions of flight {unknown}
 u - 3 potions of attraction {unknown}
 w - a potion of mutation {unknown}


   Skills:
 + Level 4.5 Fighting
 + Level 6.1 Maces & Flails
 + Level 0.3 Throwing
 + Level 6.4 Armour
 + Level 1.9 Dodging
 + Level 2.4 Stealth
 + Level 5.1 Shields


You had 7 spell levels left.
You didn't know any spells.
Your spell library contained the following spells:

 Spells                   Type           Power      Damage    Failure   Level
 Kiss of Death            Conj/Necr      0%         2d5       56%         1
 Ensorcelled Hibernation  Hex/Ice        0%         N/A       71%         2
 Poisonous Vapours        Pois/Air       0%         N/A       71%         2
 Confusing Touch          Hex            0%         N/A       91%         3
 Mephitic Cloud           Conj/Pois/Air  0%         N/A       91%         3
 Spider Form              Tmut/Pois      0%         N/A       91%         3
 Volatile Blastmotes      Fire/Tloc      0%         2d10      91%         3
 Anguish                  Hex/Necr       0%         N/A       100%        4
 Dispel Undead            Necr           0%         3d6       100%        4
 Fulminant Prism          Conj/Hex       0%         3d5       100%        4
 Iskenderun's Mystic Bla  Conj/Tloc      0%         2d3       100%        4
 Freezing Cloud           Conj/Ice/Air   0%         6-21      100%        5
 Lee's Rapid Deconstruct  Erth           0%         3d4*      100%        5
 Haunt                    Necr/Summ      0%         N/A       100%        7
 Infestation              Necr           0%         N/A       100%        8
 Animate Dead             Necr           Unusable   N/A       N/A         4

Dungeon Overview and Level Annotations

Branches:
Dungeon (6/15)             Temple (1/1) D:4

Altars:
Ashenzari
Cheibriados
Dithmenos
Elyvilon
Fedhas
Gozag
Hepliaklqana
Kikubaaqudgha
Makhleb
Nemelex Xobeh
Okawaru
Qazlal
Ru
Sif Muna
Trog
Uskayaw
Vehumet
Wu Jian
Xom
Yredelemnul
Zin
The Shining One

Shops:
D:1 [


Innate Abilities, Weirdness & Mutations

You are completely covered in rugged brown scales. (AC +3, +7% HP)
Armour fits poorly on your strangely shaped body.
You have a long armoured tail.
You roll when moving toward enemies. (Rampage)
Your long tongue fully drains potion bottles. (2x potion effects)
Your tongue gives you trouble enunciating. (1.5x scroll delay)


Message History

Unknown command.
You hit the gargoyle but do no damage.
The gargoyle is lightly damaged.
The gargoyle hits you with a +0 mace.
Unknown command.
You hit the gargoyle but do no damage.
The gargoyle is lightly damaged.
The gargoyle hits you with a +0 mace!
You hit the gargoyle but do no damage.
The gargoyle is lightly damaged.
The gargoyle hits you with a +0 mace!
Unknown command.
Unknown command.
You hit the gargoyle but do no damage.
You tail-slap the gargoyle, but do no damage.
The gargoyle is lightly damaged.
Press: ? - help, v - describe, . - travel
Here: a gargoyle, wielding a +0 mace (lightly damaged)
The floor.
You feel very mighty all of a sudden.
You slurp down every last drop of the potion of might!
The gargoyle hurls a stone arrow at you.
The stone arrow hits you!
Unknown command.
You hit the gargoyle.
The gargoyle is moderately damaged.
The gargoyle hits you with a +0 mace!
* * * LOW HITPOINT WARNING * * *
Unknown command.
You hit the gargoyle but do no damage.
Your tail-slap misses the gargoyle.
The gargoyle is moderately damaged.
The gargoyle hits you with a +0 mace.
* * * LOW HITPOINT WARNING * * *
Unknown command.
You whack the gargoyle!
The gargoyle is heavily damaged.
The gargoyle hurls a stone arrow at you.
The stone arrow hits you!!
You die...
Your body crumbles into a pile of gold.

## .. $ #.
#. #########
#.###
#......9.
#...## #9#
###....
#@#######
#....#.
#.......#
#.#.##.
#######.#
#.#.#..
#.####...##.
#....###.##.
#.#### #<...
#.##########
#.....|.....
############


You could see a gargoyle.

Vanquished Creatures
  Sigmund (D:5)
  2 black bears (D:5)
  An ice beast (D:5)
  2 ogres (D:6)
  A phantom (D:6)
  A kobold brigand (D:6)
  A bullfrog (D:6)
  A scorpion (D:6)
  3 hounds
  2 jellies
  2 orc priests
  An iguana (D:5)
  2 orc wizards (D:4)
  A sleepcap (D:6)
  3 gnolls (D:5)
  7 adders
  2 worms
  2 dart slugs (D:1)
  11 orcs
  7 ball pythons
  7 bats
  5 endoplasms
  4 giant cockroaches
  10 goblins
  6 hobgoblins
  3 jackals (D:5)
  6 quokkas
  5 frilled lizards
  10 kobolds
  3 rats
112 creatures vanquished.

Notes
Turn   | Place    | Note
-------+----------+-------------------------------------------
     0 | D:1      | olmar the Armataur Fighter began the quest for the Orb.
     0 | D:1      | Reached XP level 1. HP: 19/19 MP: 1/1
   174 | D:1      | Reached XP level 2. HP: 21/26 MP: 2/2
   481 | D:1      | Found Ebitt's Armour Boutique.
   610 | D:1      | Reached XP level 3. HP: 33/33 MP: 3/3
  1076 | D:2      | Reached XP level 4. HP: 40/40 MP: 4/4
  1622 | D:3      | Reached XP level 5. HP: 47/48 MP: 5/5
  2380 | D:4      | Found a blossoming altar of Fedhas.
  2551 | D:4      | Found a staircase to the Ecumenical Temple.
  2568 | Temple   | Entered the Ecumenical Temple
  2611 | Temple   | Became a worshipper of Gozag Ym Sagoz the Greedy
  2982 | D:5      | Entered Level 5 of the Dungeon
  3042 | D:5      | Noticed an ice beast
  3059 | D:5      | Killed an ice beast
  3060 | D:5      | Reached skill level 5 in Armour
  3060 | D:5      | Reached XP level 6. HP: 54/54 MP: 6/6
  3311 | D:5      | Reached skill level 1 in Dodging
  3661 | D:5      | Reached XP level 7. HP: 56/62 MP: 7/7
  3661 | D:5      | Found a white marble altar of Elyvilon.
  3665 | D:5      | Found a burning altar of Makhleb.
  3771 | D:5      | Noticed Sigmund
  3779 | D:5      | Killed Sigmund
  3780 | D:5      | Reached skill level 5 in Maces & Flails
  3780 | D:5      | Reached skill level 1 in Stealth
  4558 | D:6      | Reached XP level 8. HP: 70/70 MP: 8/8
  4714 | D:6      | Reached skill level 5 in Shields
  5270 | D:6      | Noticed a gargoyle
  5285 | D:6      | Killed from afar by a gargoyle

Illustrated notes

Levels and vault maps discovered:
D:1:      lightli_arrival_maybe_door_vault, layout_basic, serial_shops, shop
D:2:      layout_basic, st_stairs_9
D:3:      layout_loops_ring
D:4:      layout_loops_ring, lemuel_doored_altar, minmay_temple_entry_mist,
          minmay_crystal_room
D:5:      layout_layer_cave, gammafunk_temple_overflow_pools, uniq_sigmund
D:6:      layout_basic, minmay_misc_feat_rows, minmay_misc_feat_doors
Temple:   compressed_dpeg_triangle_lava_temple

Skill      XL: |  1  2  3  4  5  6  7  8 |
---------------+-------------------------+-----
Armour         | 4 5 6 |  6.4
Fighting       | 3 4 |  4.5
Maces & Flails | 2 3 4 5 6 |  6.1
Shields        | 4 5 |  5.1
Dodging        | 1 |  1.9
Stealth        | 1 2 |  2.4
Throwing       | |  0.3

Action                     |  1- 3 |  4- 6 |  7- 9 || total
---------------------------+-------+-------+-------++-------
  Melee: Flail             |   121 |   122 |       ||   243
         Tailslap          |    11 |    14 |    14 ||    39
         Whip              |       |    31 |   120 ||   151
  Throw: Throwing net      |       |     1 |     3 ||     4
  Evoke: Wand              |       |       |     1 ||     1
    Use: Potion            |       |     1 |     2 ||     3
   Stab: Held in net/web   |       |     1 |     4 ||     5
 Armour: Scale mail        |    68 |     8 |       ||    76
         Ring mail         |       |    68 |    41 ||   109
  Dodge: Dodged            |    47 |    46 |    29 ||   122
  Block: Buckler           |    33 |    42 |    24 ||    99
